 Dungeon Crawl Stone Soup version 0.31-a0-876-gfe8ebadbca (webtiles) character file.

Game seed: 2043444892316432719

511 BinkBink the Skirmisher (level 6, -4/37 HPs)
             Began as a Deep Elf Hunter on Oct 13, 2023.
             Was an Initiate of Qazlal.
             Slain by an iguana (7 damage)
             ... on level 4 of the Dungeon.
             The game lasted 00:03:10 (3447 turns).

BinkBink the Skirmisher (Deep Elf Hunter)           Turns: 3447, Time: 00:03:10

Health: -4/37      AC:  3    Str:  8    XL:     6   Next: 99%
Magic:  8/8        EV: 14    Int: 14    God:    Qazlal [......]
Gold:   301        SH:  0    Dex: 20    Spells: 5/5 levels left

rFire   . . .        a - +0 shortbow
rCold   . . .        (shield currently unavailable)
rNeg    . . .        c - +0 leather armour
rPois   .            (no helmet)
rElec   .            (no cloak)
rCorr   .            (no gloves)
SInv    .            (no boots)
Will    .....        (no amulet)
Stlth   ++           (no ring)
HPRegen 0.26/turn    (no ring)
MPRegen 0.11/turn

%: no passive effects
@: no status effects
A: no striking features
a: Renounce Religion


You were on level 4 of the Dungeon.
You worshipped Qazlal.
Qazlal was noncommittal.
You visited 1 branch of the dungeon, and saw 5 of its levels.

You collected 301 gold pieces.

Inventory:

Hand Weapons
 a - a +0 shortbow (weapon)
Armour
 c - a +0 leather armour (worn)
Scrolls
 b - a scroll of butterflies
 d - a scroll of amnesia {unknown}
 e - 3 scrolls of enchant weapon {unknown}
 g - 6 scrolls of identify {unknown}
 h - a scroll of enchant armour {unknown}
 i - 3 scrolls of teleportation {unknown}
 j - a scroll of immolation {unknown}
 k - a scroll of noise {unknown}
 p - a scroll of poison {unknown}
 q - a scroll of torment {unknown}
Potions
 f - 2 potions of heal wounds {unknown}
 l - a potion of enlightenment {unknown}
 m - a potion of ambrosia {unknown}
 n - 2 potions of curing {unknown}
 o - a potion of might {unknown}


   Skills:
 + Level 3.3 Fighting
 * Level 8.7 Ranged Weapons
 + Level 4.9 Dodging
 - Level 1.2 Stealth


You had 5 spell levels left.
You didn't know any spells.
Your spell library contained the following spells:

 Spells                   Type           Power      Damage    Failure   Level
 Sting                    Tmut/Pois      0%         1d3       38%         1
 Poisonous Vapours        Pois/Air       0%         N/A       54%         2
 Dazzling Flash           Conj/Hex       0%         N/A       77%         3
 Gell's Gravitas          Tloc           0%         N/A       77%         3
 Hailstorm                Conj/Ice       0%         3d3       77%         3
 Ignite Poison            Fire/Tmut/Pois 0%         N/A       77%         3
 Mephitic Cloud           Conj/Pois/Air  0%         N/A       77%         3
 Teleport Other           Tloc           0%         N/A       77%         3
 Volatile Blastmotes      Fire/Tloc      0%         2d10      77%         3
 Olgreb's Toxic Radiance  Pois           0%         N/A       99%         4
 Sticky Flame             Conj/Fire      0%         2d3       99%         4
 Summon Ice Beast         Ice/Summ       0%         N/A       99%         4
 Freezing Cloud           Conj/Ice/Air   0%         6-21      100%        5
 Dispersal                Tloc           0%         N/A       100%        6
 Simulacrum               Ice/Necr       0%         N/A       100%        6
 Starburst                Conj/Fire      0%         6d3       100%        6
 Ignition                 Fire           0%         3d3       100%        8
 Maxwell's Capacitive Co  Air            0%         ∞         100%        8


Dungeon Overview and Level Annotations

Branches:
Dungeon (5/15)
 Temple: D:4-7

Altars:
Okawaru
Qazlal


Message History

You shoot an arrow. The arrow barely misses the gnoll.
The gnoll closely misses you.
You shoot an arrow. The arrow hits the gnoll.
The gnoll is severely wounded.
The gnoll hits you with a +2 flail of holy wrath.
You are too injured to fight recklessly!
You are too injured to fight recklessly!
The iguana closely misses you. The iguana closely misses you.
The gnoll attacks as it pursues you! The gnoll closely misses you.
The iguana attacks as it pursues you! The iguana barely misses you.
The iguana attacks as it pursues you! The iguana bites you.
There is an escape hatch in the ceiling here.
The iguana barely misses you. A mysterious force pulls you upwards.
The hatch slams shut behind you.
Fire: a) +0 shortbow
Press: ? - help, Q - select action Shift-Dir - straight line, f - iguana
Aim: an iguana (heavily wounded, 70% to hit)
You shoot an arrow.
The arrow hits the iguana but does no damage.
The iguana is heavily wounded.
The iguana closely misses you.
Fire: a) +0 shortbow
Press: ? - help, Q - select action Shift-Dir - straight line, f/p - iguana
Aim: an iguana (heavily wounded, 70% to hit)
You shoot an arrow. The arrow closely misses the iguana.
The iguana bites you!
* * * LOW HITPOINT WARNING * * *
Fire: a) +0 shortbow
Press: ? - help, Q - select action Shift-Dir - straight line, f/p - iguana
Aim: an iguana (heavily wounded, 70% to hit)
You shoot an arrow. The arrow barely misses the iguana.
The iguana misses you.
Unknown command.
Fire: a) +0 shortbow
Press: ? - help, Q - select action Shift-Dir - straight line, f/p - iguana
Aim: an iguana (heavily wounded, 70% to hit)
You shoot an arrow. The arrow closely misses the iguana.
The iguana bites you!
You die...

#^...#^#...##)#..# #.<.# #...##
.≈≈.(≈^.##..#)#..#####...###...#
....#######..........######....#
§.§## ###.##).#### #.#### ...#
#.##...# #.# ...# #.##.#.##
##.##### +#### #.##.#..##
#....... ....#
#.##.##..#####....... ....#
#.#.@l.......'....... ....#
###.#######.####....... .####
#...................... '######
#.#.#######.####....... ......#
#.#.........#..........
......#####.#########.'..........
......##.....# #.#...#######
......##.....# #.#...#
......##.....## ♣♣###♣♣


You could see an iguana.

Vanquished Creatures
  Grinder (D:4)
  A phantom (D:5)
  A scorpion (D:5)
  A hound (D:4)
  A sleepcap (D:5)
  2 gnolls (D:5)
  3 adders
  2 worms
  A dart slug (D:3)
  4 orcs (D:3)
  6 ball pythons
  5 bats
  4 endoplasms
  4 giant cockroaches
  11 goblins
  7 hobgoblins
  2 jackals (D:4)
  7 kobolds
  3 quokkas
  2 frilled lizards (D:1)
  A rat (D:1)
69 creatures vanquished.

Notes
Turn   | Place    | Note
-------+----------+-------------------------------------------
     0 | D:1      | BinkBink the Deep Elf Hunter began the quest for the Orb.
     0 | D:1      | Reached XP level 1. HP: 12/12 MP: 3/3
   302 | D:1      | Reached XP level 2. HP: 17/17 MP: 4/4
   866 | D:2      | Reached skill level 6 in Ranged Weapons
  1121 | D:2      | Reached XP level 3. HP: 5/21 MP: 5/5
  1125 | D:2      | HP: 1/21 [poisoned by an adder]
  1294 | D:2      | Found a faded altar of an unknown god.
  1779 | D:3      | Found an iron altar of Okawaru.
  1817 | D:3      | Reached XP level 4. HP: 26/26 MP: 6/6
  2213 | D:4      | Found a stormy altar of Qazlal.
  2221 | D:4      | Became a worshipper of Qazlal Stormbringer
  2446 | D:4      | Reached skill level 7 in Ranged Weapons
  2697 | D:4      | Noticed Grinder
  2697 | D:4      | Paralysed by Grinder for 2 turns
  2713 | D:4      | Paralysed by Grinder for 3 turns
  2716 | D:4      | Killed Grinder
  2717 | D:4      | Reached skill level 8 in Ranged Weapons
  2717 | D:4      | Reached XP level 5. HP: 12/32 MP: 7/7
  2717 | D:4      | Reached XP level 6. HP: 13/37 MP: 8/8
  3250 | D:5      | Entered Level 5 of the Dungeon
  3447 | D:4      | Slain by an iguana

Illustrated notes

Levels and vault maps discovered:
D:1:      amcnicky_arrival_wind_blow, layout_basic, minmay_cupped
D:2:      layout_loops_corners, shapermc_ecumenical_altar_ellora
D:3:      layout_rooms, kennysheep_okawaru_gauntlet, st_stairs_3,
          guppyfry_early_orc_mine
D:4:      layout_basic, grunt_qazlal_sundering, wad_woods_river_04,
          nicolae_elevator_lobby_asterisk, uniq_grinder
D:5:      layout_basic, nicolae_overflow_hallway_of_the_gods,
          nicolae_gozag_cash_rules_everything_around_me, temple_fountains,
          serial_shops, kennysheep_mini, hex_intersection, glass_columns_c

Skill      XL: |  1  2  3  4 |
---------------+-------------+-----
Dodging        | 3 4 |  4.9
Ranged Weapons | 6 8 |  8.7
Fighting       | 2 3 |  3.3
Stealth        | |  1.2

Action                     |  1- 3 |  4- 6 || total
---------------------------+-------+-------++-------
   Fire: Shortbow          |   106 |   155 ||   261
 Armour: Leather armour    |    19 |    28 ||    47
  Dodge: Dodged            |    39 |    39 ||    78

Table legend: (Time is in decaauts)
 A = Elapsed time spent in this place.
 B = Non-inter-level travel time spent in this place.
 C = Inter-level travel time spent in this place.
 D = Time resting spent in this place.
 E = Time spent auto-exploring this place.
 F = Levels seen in this place.
 G = Mean time per level.
                   A        B        C        D        E       F      G
               +--------+--------+--------+--------+--------+-----+--------+
         Total |   3483 |   3344 |    139 |      0 |   2899 |   5 |  696.6 |
       Dungeon |   3483 |   3344 |    139 |      0 |   2899 |   5 |  696.6 |
               +--------+--------+--------+--------+--------+-----+--------+

Top non-repeatable levels by time:
     D:4: 1118 daAuts
     D:2: 1045 daAuts
     D:1: 663 daAuts
     D:3: 460 daAuts
     D:5: 195 daAuts
